 Dungeon Crawl Stone Soup version 0.23.2-1-ga50397a6bc (webtiles) character file.

Game seed: 13005368961803596902

62 Freyura the Skirmisher (level 4, 0/29 HPs)
             Began as a Gargoyle Fighter on Apr 14, 2019.
             Killed from afar by Natasha (4 damage)
             ... with a magic dart
             ... on level 2 of the Dungeon.
             The game lasted 00:01:44 (1237 turns).

Freyura the Skirmisher (Gargoyle Fighter)           Turns: 1237, Time: 00:01:46

Health: 0/29       AC: 12    Str: 19    XL:     4   Next: 8%
Magic:  4/4        EV:  7    Int:  9    God:
Gold:   49         SH:  9    Dex: 10    Spells: 3/3 levels left

rFire    . . .     SeeInvis .   a - +0 flail
rCold    . . .     Gourm    .   c - +0 shield
rNeg     + . .     Faith    .   b - +0 scale mail
rPois    ∞         Spirit   .   (no helmet)
rElec    +         Reflect  .   (no cloak)
rCorr    .         Harm     .   g - +1 pair of gloves
MR       .....                  (no boots)
Stlth    ..........             (no amulet)
HPRegen  0.09/turn              (no ring)
MPRegen  0.09/turn              (no ring)

@: no status effects
A: negative energy resistance 1, electricity resistance, unbreathing,
petrification resistance, rot immunity, AC +3
a: no special abilities


You were on level 2 of the Dungeon.
You were not hungry.

You visited 1 branch of the dungeon, and saw 2 of its levels.

You collected 49 gold pieces.

Inventory:

Hand Weapons
 a - a +0 flail (weapon)
Armour
 b - a +0 scale mail (worn)
 c - a +0 shield (worn)
 g - a +1 pair of gloves (worn)
Scrolls
 h - 5 scrolls of identify {unknown}
 i - a scroll of remove curse {unknown}
 j - 2 scrolls of teleportation {unknown}
 m - 2 scrolls of enchant armour {unknown}
 n - a scroll of fear {unknown}
 p - a scroll of amnesia {unknown}
Potions
 d - a potion of might
 e - 2 potions of degeneration {unknown}
 k - a potion of curing {unknown}
 l - 2 potions of brilliance {unknown}
 o - a potion of haste {unknown}
Comestibles
 f - 4 rations
 q - a chunk of flesh


   Skills:
 + Level 3.7 Fighting
 * Level 2.9 Maces & Flails
 + Level 3.6 Armour
 + Level 0.9 Dodging
 + Level 3.6 Shields


You had 3 spell levels left.
You didn't know any spells.
Your spell library was empty.

Dungeon Overview and Level Annotations

Branches:
Dungeon (2/15)

Altars:

Annotations:
D:2 Natasha


Innate Abilities, Weirdness & Mutations

You are resistant to torment.
Your stone body is resilient. (AC +3)
You are immune to poison.
You resist negative energy. (rN+)
You are resistant to electric shocks. (rElec)
You can survive without breathing.
You are immune to petrification.
You are immune to rotting.


Message History

You barely miss Natasha.
Natasha is severely wounded.
The white imp hits you but does no damage.
You block the iron imp's attack. You block Natasha's attack.
The white imp hits you but does no damage.
Your shield and scale mail prevent you from hitting Natasha.
Natasha is severely wounded.
You block the iron imp's attack.
Natasha zaps a wand.
The puff of flame hits you but does no damage.
The white imp hits you but does no damage.
The white imp lashes its tail.
Unknown command.
Your scale mail prevents you from hitting Natasha.
Natasha is severely wounded.
You block Natasha's attack.
The iron imp hits you but does no damage.
You block the white imp's attack.
Natasha stares at you and mumbles some strange words.
The magic dart hits you.
You die...

....... ... #...... ....
#...... #####.... #.#####
#........ #..#### #........
#<..... #......# ##.####
#55....# #..#
#######+##@h5...# #####.###
#......?.(####'####.......#
#.####....# #..#.###...#
..........+ #..#.# ##..#
#.####....# ####..#.# #..#
##....###.....#.#####.#
#.....'.'...........)..
#.......#...###.#####..
######..####'..........


You could see an iron imp, Natasha and 2 white imps.

Vanquished Creatures
  Natasha (D:2)
  2 adders (D:2)
  A dart slug (D:1)
  A leopard gecko (D:1)
  A giant cockroach (D:2)
  A goblin (D:1)
  3 hobgoblins
  5 kobolds
  A frilled lizard (D:1)
  3 rats
19 creatures vanquished.

Notes
Turn   | Place    | Note
-------+----------+-------------------------------------------
     0 | D:1      | Freyura the Gargoyle Fighter began the quest for the Orb.
     0 | D:1      | Reached XP level 1. HP: 14/14 MP: 1/1
   334 | D:1      | Reached XP level 2. HP: 19/19 MP: 2/2
   905 | D:2      | Reached XP level 3. HP: 23/23 MP: 3/3
  1053 | D:2      | Noticed Natasha
  1060 | D:2      | Killed Natasha
  1060 | D:2      | Reached XP level 4. HP: 26/29 MP: 4/4
  1220 | D:2      | Noticed Natasha
  1237 | D:2      | Killed from afar by Natasha

Action                   |  1- 3 |  4- 6 || total
-------------------------+-------+-------++-------
Melee: Flail             |    89 |    20 ||   109
  Eat: Chunk             |       |     1 ||     1
Armor: Scale mail        |    60 |    11 ||    71
Dodge: Dodged            |    26 |    10 ||    36
Block: Shield            |    44 |    11 ||    55
